 Dungeon Crawl Stone Soup version 0.21-a0-591-g2314aa1 (webtiles) character file.

363 teukkam the Covered (level 6, -1/47 HPs)
             Began as a Gnoll Wanderer on Dec 22, 2017.
             Killed from afar by an orc wizard (5 damage)
             ... with a magic dart
             ... on level 4 of the Dungeon.
             The game lasted 00:11:51 (2936 turns).

teukkam the Covered (Gnoll Wanderer)                Turns: 2936, Time: 00:11:53

Health: -1/47      AC:  6    Str: 17    XL:     6   Next: 67%
Magic:  9/9        EV: 11    Int: 15    God:
Gold:   198        SH:  5    Dex: 13    Spells: 9/9 levels left

rFire    . . .     SeeInvis .   a - +2 mace
rCold    . . .     Gourm    .   c - +0 buckler
rNeg     . . .     Faith    .   j - +0 ring mail
rPois    .         Spirit   .   (no helmet)
rElec    .         Reflect  .   (no cloak)
rCorr    .         Harm     .   (no gloves)
MR       +....                  (no boots)
Stlth    ++........             (no amulet)
HPRegen  0.15/turn              q - ring of protection from magic
MPRegen  0.11/turn              (no ring)

@: flying, very slightly contaminated, invisible
A: distributed training, fangs 1, strong nose
a: no special abilities


You were on level 4 of the Dungeon.
You were not hungry.

You visited 1 branch of the dungeon, and saw 4 of its levels.

You collected 198 gold pieces.

Inventory:

Hand Weapons
 a - a +2 mace (weapon)
 b - a +2 hunting sling of flaming
 f - a +3 hand axe of freezing
 h - a +0 short sword
 m - a +4 dagger
 t - a +1 dagger of freezing
Missiles
 o - 5 needles of sleeping
 r - 100 stones (quivered)
Armour
 c - a +0 buckler (worn)
 j - a +0 ring mail (worn)
Jewellery
 i - an uncursed ring of ice
 q - a ring of protection from magic (left hand)
Scrolls
 e - a scroll of teleportation
 g - 2 scrolls of enchant weapon
 l - 4 scrolls of identify
 p - a scroll of remove curse
 s - a scroll of fog {unknown}
 u - a scroll of blinking {unknown}
Potions
 v - a potion of berserk rage {unknown}
Comestibles
 d - 4 rations
 w - 2 chunks of flesh


   Skills:
 + Level 3.3 Fighting
 + Level 2.0 Short Blades
 + Level 3.3 Long Blades
 + Level 2.0 Axes
 + Level 5.0 Maces & Flails
 + Level 2.0 Polearms
 + Level 2.0 Staves
 + Level 2.0 Slings
 + Level 2.0 Bows
 + Level 2.0 Crossbows
 + Level 2.0 Throwing
 + Level 6.8 Armour
 + Level 2.0 Dodging
 + Level 3.1 Stealth
 + Level 5.0 Shields
 + Level 2.0 Unarmed Combat
 + Level 2.0 Spellcasting
 + Level 1.6 Conjurations
 + Level 1.6 Hexes
 + Level 1.6 Charms
 + Level 1.6 Summonings
 + Level 1.6 Necromancy
 + Level 1.6 Translocations
 + Level 1.6 Transmutations
 + Level 1.6 Fire Magic
 + Level 1.6 Ice Magic
 + Level 1.6 Air Magic
 + Level 1.6 Earth Magic
 + Level 1.6 Poison Magic
 + Level 2.2 Invocations
 + Level 2.0 Evocations


You had 9 spell levels left.
You didn't know any spells.

Dungeon Overview and Level Annotations

Branches:
Dungeon (4/15)
 Temple: D:4-7

Altars:


Innate Abilities, Weirdness & Mutations

Your experience applies equally to all skills.
You have very sharp teeth.
Your uncanny sense of smell can sniff out nearby items.


Message History

You hit the orc wizard. Your bite misses the orc wizard.
The orc wizard is moderately wounded.
The orc wizard hits you but does no damage.
You hit the orc wizard.
The orc wizard is severely wounded.
The orc wizard barely misses you.
You strike the helpless orc wizard from behind!
You hit the orc wizard but do no damage.
The orc wizard is severely wounded.
The orc wizard casts a spell at something.
Items here: ( )) [ a mace; a dagger; a robe; a tomahawk You barely miss the orc wizard.
The orc wizard is severely wounded.
The orc wizard closely misses you.
You hit the orc wizard but do no damage.
The orc wizard is severely wounded.
The orc wizard points at something and mumbles some strange words.
The magic dart hits you!
You die...

##+### #....+
######+###....#
#.............#
#.............#
#.............#
#.....)(##...(#
#...o.@.##)...#
#.......).....#
#.............#
#.......(......#
#..(....##.....#
#.......##.....#
#..............#
#..............#
#........ .....#


You could see an orc wizard.

Vanquished Creatures
  A bullfrog (D:3)
  2 orc priests (D:3)
  3 orc wizards
  4 gnolls (D:2)
  5 adders
  A worm (D:2)
  2 leopard geckos
  9 orcs
  A ball python (D:2)
  2 giant cockroaches
  6 goblins
  7 hobgoblins
  11 jackals
  A quokka (D:3)
  4 bats
  4 frilled lizards (D:1)
  8 kobolds
  4 rats
75 creatures vanquished.

Notes
Turn   | Place    | Note
-------+----------+-------------------------------------------
     0 | D:1      | teukkam the Gnoll Wanderer began the quest for the Orb.
     0 | D:1      | teukkam set off with: a +2 mace, a +0 ring mail, a +0 buckler, a ration
     0 | D:1      | Reached XP level 1. HP: 17/17 MP: 1/1
   260 | D:2      | Reached XP level 2. HP: 18/23 MP: 2/2
   557 | D:2      | Reached XP level 3. HP: 15/28 MP: 3/3
   797 | D:2      | You fall through a shaft!
   885 | D:3      | Reached skill level 1 in Invocations
  1246 | D:3      | Noticed a bullfrog
  1365 | D:1      | Reached skill level 1 in Short Blades
  1365 | D:1      | Reached skill level 1 in Axes
  1365 | D:1      | Reached skill level 1 in Polearms
  1365 | D:1      | Reached skill level 1 in Staves
  1365 | D:1      | Reached skill level 1 in Slings
  1365 | D:1      | Reached skill level 1 in Bows
  1365 | D:1      | Reached skill level 1 in Crossbows
  1365 | D:1      | Reached skill level 1 in Throwing
  1365 | D:1      | Reached skill level 1 in Dodging
  1365 | D:1      | Reached skill level 1 in Unarmed Combat
  1365 | D:1      | Reached skill level 1 in Spellcasting
  1365 | D:1      | Reached skill level 1 in Evocations
  1553 | D:1      | Reached XP level 4. HP: 34/34 MP: 5/5
  2268 | D:2      | Reached skill level 1 in Conjurations
  2268 | D:2      | Reached skill level 1 in Hexes
  2268 | D:2      | Reached skill level 1 in Charms
  2268 | D:2      | Reached skill level 1 in Summonings
  2268 | D:2      | Reached skill level 1 in Necromancy
  2268 | D:2      | Reached skill level 1 in Translocations
  2268 | D:2      | Reached skill level 1 in Transmutations
  2268 | D:2      | Reached skill level 1 in Fire Magic
  2268 | D:2      | Reached skill level 1 in Ice Magic
  2268 | D:2      | Reached skill level 1 in Air Magic
  2268 | D:2      | Reached skill level 1 in Earth Magic
  2268 | D:2      | Reached skill level 1 in Poison Magic
  2303 | D:2      | Reached XP level 5. HP: 29/40 MP: 6/6
  2516 | D:3      | Reached XP level 6. HP: 44/47 MP: 8/8
  2646 | D:3      | Reached skill level 5 in Maces & Flails
  2646 | D:3      | Reached skill level 5 in Shields
  2926 | D:4      | HP: 2/47 [orc wizard/puff of flame (10)]
  2936 | D:4      | Killed from afar by an orc wizard

Vault maps used:
D:1:      dpeg_arrival_simpleton_c
D:2:      first_ration, serial_curves, eino_curves_01, eino_curves_04,
          eino_curves_01, eino_curves_01
D:3:      nrook_mini_vaults
D:4:      columned_hall_lemuel

Skill      XL: |  1  2  3  4  5  6 |
---------------+-------------------+-----
Invocations    | 1 2 |  2.2
Short Blades   | 1 2 |  2.0
Axes           | 1 2 |  2.0
Polearms       | 1 2 |  2.0
Staves         | 1 2 |  2.0
Slings         | 1 2 |  2.0
Bows           | 1 2 |  2.0
Crossbows      | 1 2 |  2.0
Throwing       | 1 2 |  2.0
Dodging        | 1 2 |  2.0
Unarmed Combat | 1 2 |  2.0
Spellcasting   | 1 2 |  2.0
Evocations     | 1 2 |  2.0
Conjurations   | 1 |  1.6
Hexes          | 1 |  1.6
Charms         | 1 |  1.6
Summonings     | 1 |  1.6
Necromancy     | 1 |  1.6
Translocations | 1 |  1.6
Transmutations | 1 |  1.6
Fire Magic     | 1 |  1.6
Ice Magic      | 1 |  1.6
Air Magic      | 1 |  1.6
Earth Magic    | 1 |  1.6
Poison Magic   | 1 |  1.6
Fighting       | 3 |  3.3
Long Blades    | 3 |  3.3
Stealth        | 3 |  3.1
Maces & Flails | 5 |  5.0
Shields        | 5 |  5.0
Armour         | |  6.8

Action                   |  1- 3 |  4- 6 || total
-------------------------+-------+-------++-------
Melee: Short sword       |   110 |       ||   110
       Hand axe          |     3 |       ||     3
       Bite              |     9 |     7 ||    16
       Mace              |    15 |   110 ||   125
 Fire: Hunting sling     |       |    39 ||    39
  Use: Scroll            |     5 |     1 ||     6
       Potion            |     1 |     3 ||     4
 Stab: Sleeping          |     1 |       ||     1
       Invisible         |       |     2 ||     2
  Eat: Ration            |     1 |     1 ||     2
       Chunk             |       |     3 ||     3
Armor: Ring mail         |    62 |    57 ||   119
Dodge: Dodged            |    90 |    49 ||   139
Block: Buckler           |    47 |    28 ||    75

Table legend:
 A = Spawn XP
 B = Non-spawn XP
 C = Spawn XP percentage of total XP
 D = Spawn monster count
 E = Non-spawn monster count
 F = Spawn count percentage of total count
 G = Total turns spent on level
                    A         B        C        D         E        F      G
               +---------+---------+-------+---------+---------+-------+---------
         Total |       0 |     519 |   0.0 |       0 |      75 |   0.0 |  2936
               +---------+---------+-------+---------+---------+-------+---------
           D:1 |       0 |      27 |   0.0 |       0 |      16 |   0.0 |  1048
           D:2 |       0 |     100 |   0.0 |       0 |      20 |   0.0 |   711
           D:3 |       0 |     344 |   0.0 |       0 |      35 |   0.0 |  1140
           D:4 |       0 |      48 |   0.0 |       0 |       4 |   0.0 |    37
               +---------+---------+-------+---------+---------+-------+---------
